 Dungeon Crawl Stone Soup version 0.26-a0-639-g72c4674329 (webtiles) character file.

Game seed: 11702807506348914620

32 Borgoz the Ruffian (level 3, 0/30 HPs)
             Began as a Ghoul Gladiator on Sept 20, 2020.
             Slain by Natasha (3 damage)
             ... on level 2 of the Dungeon.
             The game lasted 00:01:00 (934 turns).

Borgoz the Ruffian (Ghoul Gladiator)                 Turns: 934, Time: 00:01:02

Health: 0/30       AC:  4    Str: 17    XL:     3   Next: 25%
Magic:  2/2        EV: 12    Int:  3    God:
Gold:   55         SH:  0    Dex: 11    Spells: 2/2 levels left

rFire    . . .     SeeInvis .     - Unarmed
rCold    + . .     Faith    .   (no shield)
rNeg     + + +     Spirit   .   a - +0 leather armour
rPois    ∞         Reflect  .   b - +0 helmet
rElec    .         Harm     .   (no cloak)
rCorr    .         Rampage  .   (no gloves)
MR       .....                  (no boots)
Stlth    +.........             (no amulet)
HPRegen  0.00/turn              (no ring)
MPRegen  0.08/turn              (no ring)

@: brilliant, slowed, very slow
A: rotting body, claws 1, cold resistance 1, negative energy resistance 3,
inhibited regeneration, torment resistance, unbreathing
a: no special abilities


You were on level 2 of the Dungeon.
You visited 1 branch of the dungeon, and saw 2 of its levels.

You collected 55 gold pieces.

Inventory:

Missiles
 c - 3 throwing nets (quivered)
Armour
 a - a +0 leather armour (worn)
 b - a +0 helmet (worn)
Jewellery
 i - a +4 ring of slaying {unknown}
Scrolls
 d - 2 scrolls of identify {unknown}
 f - 3 scrolls of remove curse {unknown}
 g - a scroll of magic mapping {unknown}


   Skills:
 + Level 2.7 Fighting
 - Level 1.7 Throwing
 + Level 1.0 Armour
 + Level 3.0 Dodging
 + Level 3.7 Unarmed Combat


You had 2 spell levels left.
You didn't know any spells.
Your spell library was empty.

Dungeon Overview and Level Annotations

Branches:
Dungeon (2/15)

Altars:

Annotations:
D:2 Natasha


Innate Abilities, Weirdness & Mutations

Your body is rotting away.
You thrive by killing the living.
You are immune to poison.
You have sharp fingernails.
Your flesh is cold resistant. (rC+)
You are immune to negative energy. (rN+++)
You do not regenerate when monsters are visible.
You are immune to unholy pain and torment.
You can survive without breathing.


Message History

The giant cockroach bites you but does no damage.
It was a potion of brilliance.
You feel clever all of a sudden. The adder bites you.
The giant cockroach misses you. The adder bites you but does no damage.
Natasha misses you.
You claw Natasha!
Natasha is severely wounded.
The adder barely misses you. The giant cockroach barely misses you.
Natasha claws you.
The iron imp hits you but does no damage.
The adder bites you. The giant cockroach closely misses you. Natasha claws you.
* * * LOW HITPOINT WARNING * * *
You closely miss Natasha.
Natasha is severely wounded.
The adder closely misses you. The giant cockroach bites you.
* * * LOW HITPOINT WARNING * * *
The iron imp completely misses you. The adder bites you.
* * * LOW HITPOINT WARNING * * *
Natasha claws you.
You die...

#.# #.# #.# #.#
####### #.# .
#.....# #.#
..#...<.# #.#
#......5# #<#
#...Ss#### #.#
#..5h@...## #.#
#...5.##..# #.#
#########.# #.# #.#
#.# #.## #.# #†.#
#.# ##..#
#.##############..##
#................##


You could see an iron imp (summoned), Natasha, an adder, a white imp (summoned),
a shadow imp (summoned) and a giant cockroach.

Vanquished Creatures
  A gnoll (D:1)
  A dart slug (D:1)
  A giant cockroach (D:1)
  3 goblins
  5 hobgoblins (D:1)
  4 kobolds (D:1)
  2 bats (D:1)
  A frilled lizard (D:1)
  2 rats (D:1)
20 creatures vanquished.

Notes
Turn   | Place    | Note
-------+----------+-------------------------------------------
     0 | D:1      | Borgoz the Ghoul Gladiator began the quest for the Orb.
     0 | D:1      | Reached XP level 1. HP: 17/17 MP: 0/0
   126 | D:1      | Reached XP level 2. HP: 24/25 MP: 1/1
   339 | D:1      | Reached XP level 3. HP: 30/30 MP: 2/2
   490 | D:1      | Reached skill level 1 in Armour
   871 | D:2      | Noticed Natasha
   934 | D:2      | Slain by Natasha

Illustrated notes

Levels and vault maps discovered:
D:1:      eino_arrival_cavern_d, layout_loops_corners, serial_glass,
          glass_columns_b, glass_columns_c, glass_columns_a, glass_columns_a,
          item_on_display_a, minmay_strange_pillars, minmay_strange_pillars
D:2:      layout_rooms, marbit_many_paths, uniq_natasha

Skill      XL: |  1  2  3 |
---------------+----------+-----
Dodging        | 3 |  3.0
Armour         | 1 |  1.0
Fighting       | |  2.7
Throwing       | |  1.7
Unarmed Combat | |  3.7

Action                   || total
-------------------------++-------
Melee: Unarmed           ||    52
  Use: Potion            ||     2
Armor: Leather armour    ||    14
Dodge: Dodged            ||    43

Table legend: (Time is in decaauts)
 A = Elapsed time spent in this place.
 B = Non-inter-level travel time spent in this place.
 C = Inter-level travel time spent in this place.
 D = Time resting spent in this place.
 E = Time spent auto-exploring this place.
 F = Levels seen in this place.
 G = Mean time per level.
                   A        B        C        D        E       F      G
               +--------+--------+--------+--------+--------+-----+--------+
         Total |    932 |    899 |     33 |     33 |    740 |   2 |  466.0 |
       Dungeon |    932 |    899 |     33 |     33 |    740 |   2 |  466.0 |
               +--------+--------+--------+--------+--------+-----+--------+

Top non-repeatable levels by time:
     D:1: 884 daAuts
     D:2: 48 daAuts
